 Dungeon Crawl Stone Soup version 0.30.2 (webtiles) character file.

Game seed: 14175403363430608877

5297 porpoise the Spear-Bearer (level 10, -9/177 HPs)
             Began as a Demonspawn Gladiator on Mar 20, 2024.
             Was a Follower of Yredelemnul.
             Mangled by a death yak (17 damage)
             ... on level 9 of the Dungeon.
             The game lasted 00:28:26 (10309 turns).

porpoise the Spear-Bearer (Demonspawn Gladiator)   Turns: 10309, Time: 00:28:26

Health: -9/177     AC: 25    Str: 22    XL:     10   Next: 37%
Magic:  13/14      EV:  2    Int: 10    God:    Yredelemnul [*.....]
Gold:   473        SH:  0    Dex: 13    Spells: 9/9 levels left

rFire   . . .        a - +1 trident
rCold   + . .        (no shield)
rNeg    . . .        n - melded +1 swamp dragon scales
rPois   +            c - melded +0 helmet
rElec   .            (cloak currently unavailable)
rCorr   .            (gloves currently unavailable)
SInv    .            g - melded +0 pair of boots
Will    .....        L - amulet of regeneration
Stlth   x              - ring of protection from cold
HPRegen 1.29/turn    D - +5 ring of evasion
MPRegen 0.14/turn

%: no passive effects
@: berserking (expiring), tree-form, very quick
A: stationary, stasis, torment immunity, boosted hp, (thin metallic scales 2),
(spiny 1), (claws 1), strong 1
a: Renounce Religion, Recall Undead Harvest


You were on level 9 of the Dungeon.
You worshipped Yredelemnul.
Yredelemnul was noncommittal.
You were a tree.
You visited 2 branches of the dungeon, and saw 10 of its levels.

You collected 473 gold pieces.

Inventory:

Hand Weapons
 a - a +1 trident (weapon)
 b - a +0 sling
 r - a +3 spear
 w - a +0 spear of venom
 z - a +1 war axe of draining
 I - a +4 scimitar of flaming
Missiles
 d - 4 throwing nets (quivered)
 e - 3 javelins
 m - 2 atropa-tipped darts
 v - 14 poisoned darts
 F - a curare-tipped dart
Armour
 c - a +0 helmet (melded)
 g - a +0 pair of boots (melded)
 n - +1 swamp dragon scales (melded)
Magical Staves
 j - a staff of earth
Jewellery
 x - a ring of protection from cold (left branch)
 y - a +5 ring of evasion
 B - an amulet of magic regeneration
 D - a +5 ring of evasion (right branch)
 G - a +6 ring of strength
 L - an amulet of regeneration (around neck)
Wands
 E - a wand of mindburst (25)
 H - a wand of acid (4)
Scrolls
 f - 2 scrolls of identify
 h - 3 scrolls of teleportation
 i - a scroll of fog
 p - 2 scrolls of blinking
 t - a scroll of enchant armour
 u - a scroll of enchant weapon
Potions
 k - a potion of invisibility
 l - 2 potions of curing
 s - a potion of haste


   Skills:
 - Level 7.0 Fighting
 * Level 10.9 Polearms
 - Level 1.7 Throwing
 + Level 3.7 Armour
 - Level 2.6 Dodging
 - Level 5.0 Stealth
 + Level 5.5 Invocations


You had 9 spell levels left.
You didn't know any spells.
Your spell library contained the following spells:

 Spells                   Type           Power      Damage    Failure   Level
 Apportation              Tloc           0%         N/A       36%         1
 Slow                     Hex            0%         N/A       36%         1
 Summon Small Mammal      Summ           0%         N/A       36%         1
 Ensorcelled Hibernation  Hex/Ice        0%         N/A       50%         2
 Passwall                 Tmut/Erth      0%         N/A       50%         2
 Sublimation of Blood     Necr           0%         N/A       50%         2
 Wereblood                Tmut           0%         N/A       50%         2
 Call Canine Familiar     Summ           0%         N/A       75%         3
 Confusing Touch          Hex            0%         N/A       75%         3
 Frozen Ramparts          Ice            0%         1d1       75%         3
 Summon Guardian Golem    Hex/Summ       0%         N/A       75%         3
 Swiftness                Air            0%         N/A       75%         3
 Vampiric Draining        Necr           0%         2d6       75%         3
 Ice Form                 Ice/Tmut       0%         N/A       98%         4
 Summon Ice Beast         Ice/Summ       0%         N/A       98%         4
 Alistair's Intoxication  Tmut/Pois      0%         N/A       100%        5
 Fireball                 Conj/Fire      0%         3d3       100%        5
 Iskenderun's Battlesphe  Conj           0%         2d6       100%        5
 Conjure Ball Lightning   Conj/Air       0%         3x3d6     100%        6
 Orb of Destruction       Conj           0%         9d5       100%        7
 Storm Form               Tmut/Air       0%         N/A       100%        7
 Summon Hydra             Summ           0%         N/A       100%        7


Dungeon Overview and Level Annotations

Branches:
Dungeon (9/15)             Temple (1/1) D:6            Lair (0/5) D:9
    Orc: D:9-12

Altars:
Ashenzari
Cheibriados
Dithmenos
Gozag
Hepliaklqana
Makhleb
Nemelex Xobeh
Okawaru
Qazlal
Ru
Sif Muna
Trog
Uskayaw
Vehumet
Wu Jian
Xom
Yredelemnul

Shops:
D:4 =   D:5 *[*

Annotations:
D:2 exclusion: upstairs
D:3 Dangerous orc pack!


Innate Abilities, Weirdness & Mutations

You are a tree.
Your roots penetrate the ground, keeping you stationary.
You cannot be teleported.
You are immune to unholy pain and torment.
Your maximum health is greatly increased.
Your equipment is partially melded.
((You are mostly covered in thin metallic scales. (AC +3)))
((You are partially covered in sharp spines.))
((You have sharp fingernails.))
Your muscles are strong. (Str +4, Int/Dex -1)


Message History

The death yak gores you!
* * * LOW HITPOINT WARNING * * *
The death yak barely misses you.
The death yak gores you but does no damage.
You impale the death yak!!
The death yak is severely wounded.
You puncture the death yak!
The death yak is almost dead.
The orc warrior hits you but does no damage.
The death yak gores you.
* * * LOW HITPOINT WARNING * * *
The death yak barely misses you. The death yak completely misses you.
You hit the death yak.
The death yak is almost dead.
You puncture the death yak!
The death yak is almost dead.
The orc warrior hits you but does no damage.
The death yak gores you.
* * * LOW HITPOINT WARNING * * *
The death yak gores you.
* * * LOW HITPOINT WARNING * * *
The death yak gores you but does no damage.
The yak bellows!
You hit the death yak.
You kill the death yak!
The dead are walking!
Your Invocations skill increases to level 5!
You barely miss the death yak.
The death yak gores you but does no damage.
The orc warrior hits you but does no damage.
The death yak gores you but does no damage.
You hit the death yak.
The death yak is lightly wounded.
You are too berserk!
You barely miss the death yak.
The death yak is lightly wounded.
The orc warrior hits you but does no damage.
The death yak gores you!
You die...
Your body rises from the dead as a mindless zombie.

#........#
#........#
#........
#........ #...#
#.....##+###...#
#.....#...#....#
#.....#...#....#
#....Z#...#....#
#.##Y♣#...#....#
#.##Yo#o..+....#
#.....o...#.)..#
#.....#.Y.##...#
#.....#...##...#
#.....#...o....#
#..##.#........#
..8.8.......Y...#
............##...#


You could see 2 death yaks, a yak (wandering), 2 orc warriors and a friendly
death yak zombie.

Vanquished Creatures
  A death yak (D:9)
  Maggie (D:6)
  A hornet (D:9)
  Grinder (D:5)
  A slime creature (D:5)
  2 water moccasins
  A black bear (D:6)
  2 centaurs
  5 phantoms
  3 kobold brigands (D:5)
  2 bullfrogs
  A gnoll sergeant (D:5)
  A scorpion (D:6)
  3 wights (D:6)
  4 howler monkeys
  A quasit (D:7)
  8 jellies
  3 hounds
  2 orc priests (D:4)
  2 sleepcaps
  2 iguanas (D:5)
  Natasha (thrice) (D:2)
  13 gnolls
  7 adders
  A white imp (D:5)
  A worm (D:8)
  6 dart slugs
  20 orcs
  8 endoplasms
  3 giant cockroaches
  3 goblins
  4 hobgoblins
  5 jackals
  12 kobolds
  4 quokkas (D:1)
  11 ball pythons
  A bat (D:1)
  3 frilled lizards
  2 goblin zombies (D:7)
  A hobgoblin zombie (D:7)
  A kobold skeleton (D:7)
  A kobold zombie (D:7)
  An orc zombie (D:7)
  4 rats
162 creatures vanquished.

Vanquished Creatures (collateral kills)
  Erica (D:8)
  An ugly thing (D:9)
  A steam dragon (D:9)
  An ice beast (D:7)
  A gnoll sergeant (D:7)
  2 howler monkeys
  An orc wizard (D:8)
  An orc (D:8)
  A kobold skeleton (D:7)
  An orc skeleton (D:7)
  An orc zombie (D:7)
12 creatures vanquished.

Vanquished Creatures (others)
  A bullfrog zombie (D:7)
  A centaur zombie (D:8)
  2 howler monkey zombies (D:9)
  A steam dragon zombie (D:9)
  A gnoll zombie (D:7)
  A goblin (D:3)
  An orc zombie (D:8)
8 creatures vanquished.

Grand Total: 182 creatures vanquished

Notes
Turn   | Place    | Note
-------+----------+-------------------------------------------
     0 | D:1      | porpoise the Demonspawn Gladiator began the quest for the
                  | Orb.
     0 | D:1      | Reached XP level 1. HP: 16/16 MP: 1/1
    52 | D:1      | Reached skill level 3 in Polearms
   150 | D:1      | Gained mutation: You are partially covered in thin metallic
                  | scales. (AC +2) [demonic ancestry]
   150 | D:1      | Reached XP level 2. HP: 22/22 MP: 2/2
   712 | D:1      | Reached XP level 3. HP: 28/28 MP: 3/3
  1467 | D:2      | Noticed Natasha
  1471 | D:2      | Killed Natasha
  1472 | D:2      | Reached skill level 4 in Polearms
  1472 | D:2      | Reached XP level 4. HP: 30/35 MP: 4/4
  1950 | D:2      | Noticed Natasha
  1957 | D:2      | Killed Natasha
  2305 | D:2      | Gained mutation: You are mostly covered in thin metallic
                  | scales. (AC +3) [demonic ancestry]
  2305 | D:2      | Reached XP level 5. HP: 36/41 MP: 5/5
  2513 | D:2      | Noticed Natasha
  2521 | D:2      | Killed Natasha
  2761 | D:3      | Reached skill level 1 in Stealth
  2769 | D:3      | Noticed an orc warrior
  3285 | D:4      | Reached skill level 5 in Polearms
  3303 | D:4      | Found Uvaig Saq's Jewellery Shop.
  3350 | D:4      | Reached XP level 6. HP: 48/48 MP: 6/6
  4277 | D:5      | Entered Level 5 of the Dungeon
  4427 | D:5      | Noticed Grinder
  4439 | D:5      | Killed Grinder
  4440 | D:5      | Reached skill level 6 in Polearms
  4440 | D:5      | Reached XP level 7. HP: 22/55 MP: 7/7
  4696 | D:5      | Found Larchityot's General Store.
  4696 | D:5      | Found Piozulum's Armour Emporium.
  4696 | D:5      | Found Jeewni's Assorted Antiques.
  4836 | D:5      | Reached skill level 5 in Fighting
  5229 | D:5      | Gained mutation: You are partially covered in sharp spines.
                  | [demonic ancestry]
  5229 | D:5      | Reached XP level 8. HP: 45/62 MP: 8/8
  5384 | D:5      | Found an ornate altar of the Wu Jian Council.
  5469 | D:5      | Reached skill level 7 in Polearms
  5806 | D:5      | Noticed a slime creature
  5939 | D:5      | Killed a slime creature
  6231 | D:5      | Reached skill level 8 in Polearms
  6356 | D:5      | Reached skill level 5 in Stealth
  6834 | D:6      | Reached XP level 9. HP: 60/70 MP: 9/9
  6888 | D:6      | Noticed Maggie
  6906 | D:6      | Killed Maggie
  7116 | D:6      | Reached skill level 9 in Polearms
  7504 | D:6      | Found a staircase to the Ecumenical Temple.
  7524 | Temple   | Entered the Ecumenical Temple
  7791 | Temple   | Became a worshipper of Yredelemnul the Dark
  8085 | D:7      | Reached * piety under Yredelemnul
  8186 | D:7      | Reached skill level 1 in Invocations
  8205 | D:7      | Reached skill level 1 in Armour
  8378 | D:7      | Reached ** piety under Yredelemnul
  8839 | D:8      | Noticed Erica
  8860 | D:8      | Killed Erica
  8861 | D:8      | Reached skill level 10 in Polearms
  9258 | D:8      | Found a hide-covered altar of Uskayaw.
  9411 | D:8      | Found a snail-covered altar of Cheibriados.
  9677 | D:8      | Got the Catalogue of Clouds
 10018 | D:9      | Reached XP level 10. HP: 77/79 MP: 13/13
 10053 | D:9      | Noticed a red ugly thing
 10067 | D:9      | Killed a red ugly thing
 10255 | D:9      | Noticed a death yak
 10256 | D:9      | Found a staircase to the Lair.
 10256 | D:9      | Noticed a death yak
 10256 | D:9      | Noticed a death yak
 10256 | D:9      | Noticed a death yak
 10292 | D:9      | Gained mutation: Your muscles are strong. (Str +4, Int/Dex
                  | -1) [potion of mutation]
 10292 | D:9      | Gained mutation: You have sharp fingernails. [potion of
                  | mutation]
 10305 | D:9      | HP: 6/177 [death yak (5)]
 10306 | D:9      | Killed a death yak
 10307 | D:9      | Reached skill level 5 in Invocations
 10309 | D:9      | Mangled by a death yak

Illustrated notes

Levels and vault maps discovered:
D:1:      psy_arrival_dodecagon, layout_basic, minmay_distorted
D:2:      layout_basic, serial_curves, eino_curves_02, eino_curves_04,
          uniq_natasha
D:3:      layout_basic, uniq_crazy_yiuf_cottage
D:4:      layout_rooms, serial_shops, nicolae_stop_n_shop_2
D:5:      cheibrodos_fertilizer, layout_basic, mainiacjoe_overflow_paths,
          st_stairs_13, nicolae_shop_distant_corner_stores, nicolae_titane,
          uniq_grinder
D:6:      layout_basic, temple_fountains, dreamdust_wishing_well, uniq_maggie
D:7:      layout_loops_cross, nicolae_tso_besieged_by_evil
D:8:      layout_loops_corners, eat_drink_and_be_merry_uskayaw, slow_altar_1,
          minmay_splitting_lines, uniq_erica
D:9:      layout_stronghold, grunt_temple_overflow_open, dpeg_lair_monsters,
          serial_column_ruins, column_ruins_hut, column_ruins_grid_1,
          column_ruins_columns_corner, column_ruins_open_small,
          column_ruins_columns_plus, column_ruins_open_medium,
          column_ruins_corridor_straight, minmay_puff
Temple:   regret_index_temple_generic_petals

Skill      XL: |  1  2  3  4  5  6  7  8  9 10 |
---------------+-------------------------------+-----
Polearms       | 3 4 5 6 8 10 | 10.9
Fighting       | 3 4 5 6 7 |  7.0
Stealth        | 1 3 5 |  5.0
Invocations    | 4 5 |  5.5
Armour         | 2 3 |  3.7
Throwing       | |  1.7
Dodging        | |  2.6

Action                     |  1- 3 |  4- 6 |  7- 9 | 10-12 || total
---------------------------+-------+-------+-------+-------++-------
  Melee: Trident           |    86 |   231 |   340 |    39 ||   696
         Punch             |     1 |     4 |     8 |       ||    13
         War axe           |       |    34 |       |       ||    34
         Spear             |       |       |    12 |       ||    12
   Fire: Sling             |     5 |     4 |       |       ||     9
 Invoke: Recall Undead Har |       |       |     1 |       ||     1
    Use: Potion            |       |     2 |     1 |     6 ||     9
         Scroll            |       |     2 |    10 |       ||    12
   Stab: Sleeping          |     3 |     2 |     6 |       ||    11
 Armour: Leather armour    |    18 |    84 |    26 |       ||   128
         Ring mail         |       |       |    21 |       ||    21
         Swamp dragon scal |       |       |    28 |     5 ||    33
         Skin              |       |       |       |    12 ||    12
  Dodge: Dodged            |    41 |   139 |   195 |    20 ||   395
